 Dungeon Crawl Stone Soup version 0.26-b1-57-gb162d0664a (webtiles) character file.

Game seed: 15929065891315066281

2111 Goreval the Destroyer (level 9, -2/55 HPs)
             Began as an Octopode Conjurer on Jan 8, 2021.
             Was a Believer of Nemelex Xobeh.
             Slain by an orc warrior
             ... wielding a +0 halberd
              (12 damage)
             ... on level 8 of the Dungeon.
             The game lasted 00:17:12 (8326 turns).

Goreval the Destroyer (Octopode Conjurer)           Turns: 8326, Time: 00:17:13

Health: -2/55      AC:  1    Str:  7    XL:     9   Next: 28%
Magic:  3/15       EV: 14    Int: 23    God:    Nemelex Xobeh [**....]
Gold:   267        SH:  0    Dex: 10    Spells: 2/16 levels left

rFire    . . .     SeeInvis .   p - +2 dagger (venom)
rCold    . . .     Faith    .   (no shield)
rNeg     . . .     Spirit   .   (helmet restricted)
rPois    .         Reflect  .   q - amulet of regeneration
rElec    .         Harm     .   g - ring of resist corrosion
rCorr    +         Rampage  .   d - ring of wizardry
Will     .....                  (no ring)
Stlth    ++++......             (no ring)
HPRegen  0.58/turn              (no ring)
MPRegen  0.14/turn              (no ring)
                                (no ring)
                                (no ring)

@: no status effects
A: almost no armour, stealthy swim, amphibious, 8 rings, constrict 8, camouflage
1, gelatinous body 1
a: Renounce Religion, Draw Escape, Draw Destruction, Draw Summoning


You were on level 8 of the Dungeon.
You worshipped Nemelex Xobeh.
Nemelex Xobeh was pleased with you.
You visited 2 branches of the dungeon, and saw 9 of its levels.

You collected 267 gold pieces.

Inventory:

Hand Weapons
 p - a +2 dagger of venom (weapon)
Jewellery
 d - a ring of wizardry (right tentacle)
 g - a ring of resist corrosion (left tentacle)
 q - an amulet of regeneration (around mantle)
Scrolls
 a - 3 scrolls of teleportation
 c - 5 scrolls of remove curse
 h - a scroll of blinking
 k - a scroll of fear
 l - a scroll of magic mapping {unknown}
Potions
 b - a potion of invisibility
 e - a potion of berserk rage
 f - a potion of ambrosia {unknown}
 i - a potion of haste
 j - 2 potions of heal wounds
 m - 3 potions of curing
 n - a potion of flight
 t - a potion of magic {unknown}


   Skills:
 + Level 2.7 Fighting
 - Level 4.2 Dodging
 + Level 7.5 Stealth
 - Level 4.0 Spellcasting
 * Level 8.1 Conjurations
 + Level 2.8 Hexes
 * Level 4.5 Invocations


You had 2 spell levels left.
You knew the following spells:

 Your Spells              Type           Power        Failure   Level
a - Magic Dart            Conj           100%         1%          1
b - Searing Ray           Conj           84%          1%          2
c - Dazzling Flash        Conj/Hex       60%          1%          3
d - Fulminant Prism       Conj/Hex       15%          4%          4
e - Iskenderun's Mystic   Conj/Tloc      23%          8%          4

Your spell library contained the following spells:

 Spells                   Type           Power        Failure   Level


Dungeon Overview and Level Annotations

Branches:
Dungeon (8/15)             Temple (1/1) D:4
   Lair: D:8-11

Altars:
Ashenzari
Cheibriados
Dithmenos
Elyvilon
Gozag
Hepliaklqana
Makhleb
Nemelex Xobeh
Okawaru
Qazlal
Ru
Sif Muna
Trog
Vehumet
Wu Jian

Shops:
D:5 }


Innate Abilities, Weirdness & Mutations

You cannot wear most types of armour.
You are very stealthy in the water. (Stealth+)
You are amphibious.
You can wear up to eight rings at the same time.
You can use your tentacles to constrict eight enemies at once.
Your skin changes colour to match your surroundings (Stealth+).
Your rubbery body absorbs attacks. (AC +1, EV +1)


Message History

You kill the orc!
The orc wizard hits you with a +0 dagger.
The orc warrior barely misses you.
The searing ray hits the orc warrior.
The orc wizard points at you and mumbles some strange words.
The puff of flame hits you.
The orc wizard points at you and mumbles some strange words.
The puff of frost hits you.
The orc warrior hits you from afar with a +0 halberd!
The searing ray hits the orc warrior!
You finish channeling your searing ray.
The orc wizard hits you with a +0 dagger.
* * * LOW HITPOINT WARNING * * *
The orc wizard completely misses you.
Okay, then.
The orc wizard points at you and mumbles some strange words.
The magic dart hits you!
* * * LOW HITPOINT WARNING * * *
The orc warrior hits you from afar with a +0 halberd!
You die...
Your body glows slightly and disappears.

###########.##.#
#............#.#
#.#########..#.#
..#### #..#.####
.....######.......#
..................#
.....######.......#
..................#
.#########......@.#
<..............o..#
.#....#####...o...#
.+.........†.[....#
.# ........)......#
.#
........#.....$...
.#
.......#..........
##
.....).#...........
......#...........


You could see an orc warrior and an orc wizard (fast).

Vanquished Creatures
  3 sky beasts
  2 black bears
  An ice beast (D:5)
  3 orc warriors
  2 centaurs
  A bullfrog (D:6)
  A scorpion (D:4)
  3 wights (D:8)
  A howler monkey (D:6)
  A bullfrog zombie (D:6)
  A quasit (D:6)
  3 hounds
  A bullfrog skeleton (D:4)
  2 jellies
  2 centaur skeletons
  2 orc wizards
  2 iguanas
  6 worker ants
  2 hound zombies
  A hound skeleton (D:7)
  A worker ant zombie (D:5)
  A howler monkey skeleton (D:5)
  8 adders
  2 shadow imps
  A white imp (D:3)
  An ufetubus (D:5)
  2 oozes (D:3)
  An adder zombie (D:7)
  An adder skeleton (D:7)
  A worm (D:3)
  2 dart slugs
  5 leopard geckos
  22 orcs
  2 ball pythons
  6 giant cockroaches
  8 goblins
  9 hobgoblins
  9 jackals
  2 quokkas
  3 bats
  4 frilled lizards
  7 kobolds
  A quokka skeleton (D:4)
  3 rats
  A bush (D:2)
143 creatures vanquished.

Vanquished Creatures (others)
  3 fulminant prisms (D:8)
3 creatures vanquished.

Grand Total: 146 creatures vanquished

Notes
Turn   | Place    | Note
-------+----------+-------------------------------------------
     0 | D:1      | Goreval the Octopode Conjurer began the quest for the Orb.
     0 | D:1      | Reached XP level 1. HP: 11/11 MP: 3/3
   127 | D:1      | Reached XP level 2. HP: 17/17 MP: 1/5
   182 | D:1      | Learned a level 2 spell: Searing Ray
  1265 | D:1      | Reached XP level 3. HP: 21/21 MP: 3/6
  1307 | D:1      | Learned a level 3 spell: Dazzling Flash
  1587 | D:2      | Found a burning altar of Makhleb.
  1598 | D:2      | Reached XP level 4. HP: 18/27 MP: 0/7
  1767 | D:2      | Found an ornate altar of the Wu Jian Council.
  1779 | D:2      | Found a broken altar of Ashenzari.
  1779 | D:2      | Found an opulent altar of Gozag.
  2152 | D:2      | Found a shimmering blue altar of Sif Muna.
  2411 | D:3      | Found an iron altar of Okawaru.
  2849 | D:3      | Reached XP level 5. HP: 22/31 MP: 2/9
  3014 | D:3      | Reached skill level 5 in Conjurations
  3697 | D:3      | Found a radiant altar of Vehumet.
  3700 | D:3      | Found a hazy altar of Hepliaklqana.
  3992 | D:4      | Reached XP level 6. HP: 36/36 MP: 3/10
  4050 | D:4      | Learned a level 4 spell: Fulminant Prism
  4320 | D:4      | Found a staircase to the Ecumenical Temple.
  4328 | Temple   | Entered the Ecumenical Temple
  4383 | Temple   | Became a worshipper of Nemelex Xobeh the Trickster
  4565 | D:4      | Reached skill level 5 in Stealth
  4779 | D:4      | Found a shadowy altar of Dithmenos.
  4862 | D:4      | You fall into a shaft and drop 2 floors!
  4867 | D:6      | Reached skill level 6 in Conjurations
  4867 | D:6      | Reached XP level 7. HP: 41/41 MP: 8/12
  5155 | D:6      | Found a stormy altar of Qazlal.
  5280 | D:6      | Reached XP level 8. HP: 28/46 MP: 7/14
  5285 | D:6      | Learned a level 4 spell: Iskenderun's Mystic Blast
  5364 | D:6      | Reached skill level 1 in Invocations
  5447 | D:5      | Entered Level 5 of the Dungeon
  5454 | D:5      | Reached skill level 7 in Conjurations
  5484 | D:5      | Reached * piety under Nemelex Xobeh
  5583 | D:5      | Reached skill level 1 in Fighting
  5602 | D:5      | Reached skill level 1 in Hexes
  5761 | D:5      | Received a gift from Nemelex Xobeh
  6044 | D:5      | Found Ytideisuhif's Gadget Boutique.
  6136 | D:5      | HP: 2/48 [ice beast (14)]
  6662 | D:6      | Reached ** piety under Nemelex Xobeh
  6842 | D:6      | Found a snail-covered altar of Cheibriados.
  6927 | D:7      | Reached XP level 9. HP: 46/54 MP: 1/15
  7320 | D:7      | Received a gift from Nemelex Xobeh
  7448 | D:7      | Reached skill level 8 in Conjurations
  7790 | D:8      | Noticed a two-headed ogre
  8326 | D:8      | Slain by an orc warrior

Illustrated notes

Levels and vault maps discovered:
D:1:      lightli_arrival_maybe_door_vault, layout_basic, serial_forest,
          infiniplex_forest_straight_2, infiniplex_forest_lined_room_2,
          infiniplex_forest_pool, infiniplex_forest_end_2,
          infiniplex_forest_clump_diagonal, infiniplex_forest_corner_1,
          infiniplex_forest_straight_4, fountainhead
D:2:      layout_basic, gammafunk_temple_overflow_forgotten, led_sif_pool,
          nicolae_overflow_crystal_walls, kennysheep_generic_room_12
D:3:      layout_rooms, grunt_temple_overflow_diamond
D:4:      layout_loops_ring, nicolae_dithmenos_shadow_blocks,
          minmay_temple_entry_gardened_gates
D:5:      layout_basic, serial_shops, shop, ebering_dispersal_statue_hall,
          feat_on_display
D:6:      layout_rooms, overflow_temple_1_default, basic_altar
D:7:      layout_rooms
D:8:      layout_basic, basic_altar, serial_shops, kennysheep_mini_moat,
          minmay_shop_damaged
Temple:   minmay_temple_curvy_loop

Skill      XL: |  1  2  3  4  5  6  7  8  9 |
---------------+----------------------------+-----
Stealth        | 3 4 5 6 7 |  7.5
Conjurations   | 5 6 7 8 |  8.1
Dodging        | 3 4 |  4.2
Spellcasting   | 3 4 |  4.0
Invocations    | 3 4 |  4.5
Fighting       | 2 |  2.7
Hexes          | 2 |  2.8

Action                   |  1- 3 |  4- 6 |  7- 9 || total
-------------------------+-------+-------+-------++-------
Melee: Dagger            |     9 |   304 |    59 ||   372
       Constrict         |     3 |     6 |    15 ||    24
       Tentacles         |     1 |    61 |     7 ||    69
 Cast: Magic Dart        |    48 |   104 |   132 ||   284
       Searing Ray       |     1 |    10 |    20 ||    31
       Dazzling Flash    |       |       |     4 ||     4
       Fulminant Prism   |       |       |     3 ||     3
Invok: Draw Destruction  |       |       |     1 ||     1
  Use: Scroll            |       |       |    15 ||    15
       Potion            |       |       |     1 ||     1
 Stab: Sleeping          |     1 |     1 |     3 ||     5
Armor: Skin              |       |     4 |     6 ||    10
Dodge: Dodged            |     5 |    31 |    71 ||   107
